Map: Emerald City CE

Players

Thanatos - Winner!

  • Race: Terran Terran
  • Spawn Location: 5:00

Kanashiko - Winner!

  • Race: Protoss Protoss
  • League: Silver
  • Spawn Location: 5:00

Ekelpack

  • Race: Zerg Zerg
  • Spawn Location: 11:00

Nyck

  • Race: Terran Terran
  • League: Silver
  • Spawn Location: 11:00

VOD

Have the link to the VOD?

Description

Time

  • Played on: Oct. 15, 2024, 12:19 p.m.
  • Length: 10:22
Show
View Real Time Build Order
Export as new Build Order

Thanatos Terran - Winner!

Build Orders:  

Get SALT Encoding   

  12  0:01  SCV  
  13  0:15  Supply Depot  
  13  0:19  SCV  
  14  0:26  Refinery  
  14  0:40  Barracks  
  14  0:43  SCV  
  15  0:55  SCV  
  16  1:04  Supply Depot  
  16  1:07  SCV  
  17  1:19  Supply Depot  
  17  1:34  SCV  
  18  1:44  Refinery  
  18  1:46  SCV  
  19  1:49  Marine  
  20  2:00  SCV  
  21  2:04  Ghost Academy  
  21  2:11  Factory  
  21  2:13  Barracks Tech Lab  
  21  2:22  SCV  
  22  2:33  Ghost  
  22  2:34  SCV  
  25  2:57  Ghost Academy  
  25  3:01  Orbital Command  
  25  3:08  Ghost  
  27  3:25  Factory Reactor  
  27  3:45  Nuke  
  27  3:49  Nuke  
  27  3:56  Supply Depot  
  27  3:58  Supply Depot  
  27  4:01  Hellion x2  
  31  4:25  Cyclone x2  
  35  4:57  Cyclone x2  
  38  5:43  Cyclone x2  
  35  6:15  Cyclone x2  
  37  7:03  Cyclone x2  
  37  7:35  Cyclone x2  
  41  8:07  Cyclone x2  
  45  8:39  Cyclone x2  
  49  9:00  Starport  
  49  9:05  Starport  
  55  10:12  Supply Depot  
  55  10:13  Supply Depot  
  55  10:15  Supply Depot  
Show
View Real Time Build Order
Export as new Build Order

Kanashiko Protoss - Winner!

Build Orders:  

Get SALT Encoding   

  12  0:00  Probe (Chrono Boost)  
  13  0:10  Probe (Chrono Boost)  
  14  0:19  Pylon  
  14  0:22  Probe  
  15  0:37  Probe  
  15  0:38  Gateway  
  16  0:46  Assimilator  
  17  0:50  Probe  
  17  0:59  Gateway  
  17  1:02  Probe (Chrono Boost)  
  18  1:07  Assimilator  
  18  1:17  Probe (Chrono Boost)  
  19  1:22  Probe (Chrono Boost)  
  20  1:27  Cybernetics Core  
  20  1:32  Probe  
  21  1:39  Pylon  
  21  1:44  Probe  
  22  1:56  Probe  
  23  2:02  Warp Gate (Chrono Boost)  
  23  2:05  Robotics Facility  
  23  2:10  Stalker  
  23  2:14  Pylon  
  25  2:29  Stalker  
  27  2:35  Pylon  
  27  2:40  Stalker  
  31  3:16  Immortal (Chrono Boost)  
  33  3:44  Stalker x2  
  33  3:48  Immortal  
  41  4:00  Pylon  
  41  4:17  Stalker  
  41  4:18  Sentry  
  44  4:27  Immortal  
  48  4:53  Stalker x2  
  48  4:54  Probe  
  53  5:35  Immortal  
  53  6:03  Stalker  
  53  6:14  Immortal  
  47  6:57  Immortal  
  47  6:58  Stalker x2  
  53  7:42  Stalker  
  55  7:51  Pylon  
  55  7:53  Pylon  
  55  7:55  Pylon  
  55  7:57  Pylon  
  55  8:03  Pylon  
  55  8:05  Pylon  
  55  8:06  Pylon  
  55  8:08  Pylon  
  55  8:11  Pylon x2  
  56  8:18  Immortal  
  59  8:23  Nexus  
  59  8:39  Pylon  
  59  8:41  Pylon  
  59  8:49  Stalker x2  
  63  8:58  Immortal  
  67  9:45  Observer  
  68  10:03  Observer  
  69  10:11  Stargate  
  69  10:14  Stargate  
Show
View Real Time Build Order
Export as new Build Order

Ekelpack Zerg 

Build Orders: Hatch First 

Get SALT Encoding   

  12  0:00  Drone  
  13  0:12  Overlord  
  13  0:17  Drone  
  14  0:31  Drone  
  15  0:43  Drone  
  16  0:51  Hatchery  
  16  0:54  Drone  
  16  1:09  Spawning Pool  
  15  1:12  Drone  
  15  1:15  Extractor  
  15  1:17  Drone  
  16  1:23  Drone  
  17  1:25  Drone  
  18  1:35  Drone  
  19  1:45  Drone  
  20  1:59  Queen  
  20  2:01  Overlord  
  22  2:05  Queen  
  24  2:16  Roach Warren  
  24  2:18  Drone  
  24  2:21  Drone  
  25  2:26  Drone  
  26  2:30  Drone  
  27  2:42  Drone x2  
  29  2:50  Drone  
  30  2:53  Overlord  
  30  3:00  Overlord  
  30  3:13  Roach  
  30  3:14  Roach x6  
  30  3:18  Overlord  
  44  3:24  Drone x2  
  46  3:30  Queen  
  46  3:33  Drone  
  49  3:41  Lair  
  49  3:43  Drone  
  49  3:45  Drone, Extractor  
  50  3:50  Extractor  
  50  3:51  Drone x2  
  51  3:58  Drone x3  
  54  4:04  Drone x2  
  54  4:05  Evolution Chamber  
  55  4:38  Glial Reconstitution, Zerg Missile Weapons Level 1  
  55  4:41  Drone x2  
  55  4:43  Extractor  
  56  4:51  Hydralisk Den  
  55  5:01  Drone x5  
  55  5:02  Overlord x3  
  60  5:17  Evolution Chamber  
  57  5:25  Hydralisk x2  
  63  5:32  Hydralisk x4  
  53  5:43  Hydralisk x3  
  53  5:45  Zergling x2  
  53  5:46  Overlord  
  58  5:55  Overlord  
  42  6:06  Hydralisk x2  
  21  6:21  Zergling x6  
  21  6:23  Zergling x2  
  23  6:27  Queen  
Show
View Real Time Build Order
Export as new Build Order

Nyck Terran 

Build Orders:  

Get SALT Encoding   

  12  0:00  SCV  
  13  0:12  SCV  
  14  0:17  Supply Depot  
  14  0:26  SCV  
  15  0:39  SCV  
  16  0:42  Barracks  
  16  0:51  SCV  
  16  0:53  Refinery  
  17  1:08  SCV, Barracks  
  18  1:20  SCV  
  19  1:27  Refinery  
  19  1:33  Supply Depot  
  19  1:36  Reaper  
  20  1:40  Orbital Command  
  20  1:59  Barracks Tech Lab  
  20  2:11  Marine  
  20  2:14  SCV  
  22  2:21  Factory  
  22  2:26  Combat Shield  
  22  2:28  Marine  
  23  2:38  Barracks Reactor  
  23  2:54  SCV  
  23  2:57  Marine  
  25  3:06  SCV  
  25  3:17  Starport, Factory Reactor  
  25  3:18  SCV, Marine  
  25  3:19  Marine x2  
  28  3:24  Engineering Bay  
  29  3:39  Command Center  
  29  3:45  SCV  
  29  3:48  Marine  
  30  3:53  Supply Depot  
  31  4:14  Marine x3  
  31  4:15  SCV  
  35  4:28  SCV  
  36  4:32  Marine x2  
  38  4:40  SCV  
  38  4:43  Missile Turret  
  39  4:51  SCV, Marine  
  39  4:52  Marine x2, Missile Turret  
  43  4:53  Medivac x2  
  47  5:10  Marine x3  
  50  5:30  Marine  
  50  5:31  Marine x2  
Tags
 
Add a new tag
Caveats
  • Supply blocks, unpowered buildings, or Contaminate may cause inaccurate times.
  • Supply counts are checked every 10 seconds.